 Dungeon Crawl Stone Soup version 0.31.0-9-g3a7656b989 (webtiles) character file.

Game seed: 13139864639420670925

929 qw the Skirmisher (level 7, -5/35 HPs)
             Began as a Spriggan Hunter on Feb 2, 2024.
             Slain by a gnoll sergeant
             ... wielding a +0 trident
              (7 damage)
             ... on level 5 of the Dungeon.
             The game lasted 00:00:17 (4160 turns).

qw the Skirmisher (Spriggan Hunter)                 Turns: 4160, Time: 00:00:18

Health: -5/35      AC:  3    Str:  7    XL:     7   Next: 85%
Magic:  8/8        EV: 22    Int: 10    God:
Gold:   232        SH:  0    Dex: 21    Spells: 6/6 levels left

rFire   . . .        a - +1 shortbow (flame)
rCold   . . .        (shield currently unavailable)
rNeg    + . .        c - +0 robe
rPois   .            (helmet restricted)
rElec   .            l - +0 cloak
rCorr   .            (gloves unavailable)
SInv    +            (boots unavailable)
Will    +....        (no amulet)
Stlth   ++           b - ring of positive energy
HPRegen 0.25/turn    (no ring)
MPRegen 0.11/turn

%: no passive effects
@: very quick
A: very small, no large weapons, unfitting armour, see invisible, speed 3
a: no special abilities


You were on level 5 of the Dungeon.
You visited 1 branch of the dungeon, and saw 5 of its levels.

You collected 232 gold pieces.


Innate Abilities, Weirdness & Mutations

You are very small and have problems with some larger weapons.
You are too small for most types of armour.
You have supernaturally acute eyesight. (SInv)
You cover ground extremely quickly. (Speed+++)


   Skills:
 - Level 2.6 Fighting
 - Level 8.0 Ranged Weapons
 + Level 7.1 Dodging
 - Level 1.5 Stealth


You had 6 spell levels left.
You didn't know any spells.
Your spell library was empty.

Inventory:

Hand Weapons
 a - a +1 shortbow of flaming (weapon)
Armour
 c - a +0 robe (worn)
 l - a +0 cloak (worn)
Jewellery
 b - a ring of positive energy (left hand)
Wands
 i - a wand of charming (11)
Potions
 d - a potion of mutation
 h - a potion of curing
 n - a potion of enlightenment

Dungeon Overview and Level Annotations

Branches:
Dungeon (5/15)
 Temple: D:4-7

Altars:
Xom
Yredelemnul

Shops:
D:3 *


Message History

Duvessa hits you with a +0 short sword!
The gnoll sergeant completely misses you.
4151 ||| DRINKING potion of heal wounds.
You feel much better. Duvessa hits you with a +0 short sword!
The gnoll sergeant misses you.
You shoot an arrow. The arrow hits Duvessa!
The arrow burns Duvessa.
Duvessa is almost dead.
Duvessa hits you with a +0 short sword.
The gnoll hits you from afar with a +0 spear!
The gnoll sergeant barely misses you.
You shoot an arrow. The arrow hits Duvessa.
The arrow burns Duvessa.
You kill Duvessa!
You hear a distant wail of despair.
The gnoll sergeant hits you with a +0 trident.
The gnoll closely misses you.
Your Ranged Weapons skill increases to level 8!
You shoot an arrow.
The arrow hits the gnoll sergeant but does no damage.
The gnoll sergeant closely misses you. The gnoll closely misses you.
You shoot an arrow. The gnoll sergeant blocks the arrow.
The gnoll sergeant misses you. The gnoll misses you.
You shoot an arrow.
The arrow closely misses the gnoll sergeant.
The gnoll sergeant barely misses you. The gnoll misses you.
You shoot an arrow.
The arrow barely misses the gnoll sergeant.
The gnoll sergeant misses you. The gnoll misses you.
You shoot an arrow. The arrow hits the gnoll sergeant.
The arrow burns the gnoll sergeant.
The gnoll sergeant is moderately wounded.
The gnoll sergeant completely misses you.
The gnoll misses you.
You shoot an arrow.
The arrow hits the gnoll sergeant but does no damage.
The gnoll sergeant is moderately wounded.
The gnoll sergeant completely misses you.
The gnoll hits you from afar with a +0 spear!
You shoot an arrow. The gnoll sergeant blocks the arrow.
The gnoll sergeant hits you with a +0 trident!
You die...

...........s....# .
.............. ..
##...#..#.... .g.
#....#.>#..###...
#..#....#g##.....
###............#...
#...g##............
##g...###..........
##@........#.......
#..$#..............
##.....###...S.....
##.....# #.........
#.....####.#.......
##......#..#.......
#...##............
#....#..###........
##......###.......#


You could see a gnoll sergeant and a gnoll.

Vanquished Creatures
  Prince Ribbit (D:5)
  Duvessa (D:5)
  An ice beast (D:4)
  An ogre (D:4)
  2 scorpions
  2 bombardier beetles
  A hound (D:4)
  2 sleepcaps (D:4)
  An iguana (D:4)
  4 gnolls (D:4)
  5 adders
  2 dart slugs (D:4)
  A ribbon worm (D:2)
  An orc (D:4)
  7 endoplasms
  A giant cockroach (D:1)
  4 goblins
  7 hobgoblins
  2 jackals (D:3)
  3 quokkas
  3 ball pythons
  5 bats
  8 frilled lizards
  11 kobolds
  2 rats
78 creatures vanquished.

Notes
Turn   | Place    | Note
-------+----------+-------------------------------------------
     0 | D:1      | qw the Spriggan Hunter began the quest for the Orb.
     0 | D:1      | Reached XP level 1. HP: 10/10 MP: 2/2
     0 | D:1      | 0 ||| qw: Version: 0.3-a-155-g5e7d8dd
     0 | D:1      | 0 ||| qw: Game counter: 2328
     0 | D:1      | 0 ||| qw: Melee chars always use a shield: true
     0 | D:1      | 0 ||| qw: God list: Okawaru
     0 | D:1      | 0 ||| qw: Allow faded altars: false
     0 | D:1      | 0 ||| qw: Do Orc after clearing Dungeon:15 true
     0 | D:1      | 0 ||| qw: Do second Lair branch before Depths: true
     0 | D:1      | 0 ||| qw: Lair rune preference: random
     0 | D:1      | 0 ||| qw: Goals: Normal
     0 | D:1      | 0 ||| PLANNING D:1-11
    44 | D:1      | Reached skill level 3 in Dodging
   188 | D:1      | Reached XP level 2. HP: 14/14 MP: 3/3
   818 | D:1      | 818 ||| READING scroll labelled RINOAKLELI.
   919 | D:1      | 919 ||| DROPPING scroll of butterflies.
   931 | D:2      | 931 ||| STAIRDANCE
   935 | D:2      | 935 ||| STAIRDANCE
  1015 | D:2      | Reached XP level 3. HP: 18/18 MP: 4/4
  1086 | D:2      | 1086 ||| FLEEEEING.
  1087 | D:2      | 1087 ||| FLEEEEING.
  1088 | D:2      | 1088 ||| FLEEEEING.
  1089 | D:2      | 1089 ||| FLEEEEING.
  1090 | D:2      | 1090 ||| FLEEEEING.
  1091 | D:2      | 1091 ||| FLEEEEING.
  1092 | D:2      | 1092 ||| FLEEEEING.
  1377 | D:2      | Found a faded altar of an unknown god.
  1433 | D:2      | 1433 ||| READING scroll labelled LURYKKONGU.
  1433 | D:2      | 1433 ||| ENCHANTING +0 shortbow.
  1434 | D:2      | 1434 ||| READING 3 scrolls labelled BUXKIDA JUHO.
  1434 | D:2      | 1434 ||| IDENTIFYING green potion
  1435 | D:2      | 1435 ||| READING 2 scrolls of identify.
  1435 | D:2      | 1435 ||| IDENTIFYING cyan potion
  1436 | D:2      | 1436 ||| READING scroll of identify.
  1436 | D:2      | 1436 ||| IDENTIFYING red potion
  1437 | D:2      | 1437 ||| READING scroll labelled VEXZOD YJUPSEX.
  1566 | D:3      | 1566 ||| STAIRDANCE
  1570 | D:3      | 1570 ||| STAIRDANCE
  1575 | D:3      | 1575 ||| STAIRDANCE
  1592 | D:3      | Reached skill level 5 in Ranged Weapons
  1618 | D:3      | Reached XP level 4. HP: 21/22 MP: 5/5
  1654 | D:3      | Found Jopalupene's General Store.
  1665 | D:3      | 1665 ||| SHOPLISTING ring of positive energy (240 gold,
                  | have 104).
  1777 | D:3      | Noticed a scorpion
  1786 | D:3      | Killed a scorpion
  1787 | D:3      | Reached XP level 5. HP: 18/27 MP: 6/6
  2184 | D:3      | 2184 ||| UPGRADING to +0 cloak.
  2189 | D:3      | 2189 ||| UPGRADING to ring of positive energy.
  2190 | D:3      | 2190 ||| DROPPING ring of wizardry.
  2191 | D:3      | 2191 ||| READING 2 scrolls of identify.
  2191 | D:3      | 2191 ||| IDENTIFYING murky puce potion
  2192 | D:3      | 2192 ||| READING scroll of identify.
  2192 | D:3      | 2192 ||| IDENTIFYING golden potion
  2193 | D:3      | 2193 ||| READING scroll labelled COFRON YLUMUHI.
  2198 | D:3      | 2198 ||| READING scroll labelled PIN UDEUGAME.
  2243 | D:3      | 2243 ||| DROPPING potion of degeneration.
  2319 | D:4      | Noticed an ogre
  2325 | D:4      | Killed an ogre
  2465 | D:4      | Reached skill level 6 in Ranged Weapons
  2465 | D:4      | Reached XP level 6. HP: 22/32 MP: 7/7
  2579 | D:4      | Noticed an ice beast
  2592 | D:4      | Killed an ice beast
  2593 | D:4      | Reached skill level 6 in Dodging
  2647 | D:4      | Found a shimmering altar of Xom.
  2791 | D:4      | Found a basalt altar of Yredelemnul.
  3011 | D:4      | 3011 ||| READING scroll labelled BIESYM TAXIFF.
  3011 | D:4      | 3011 ||| BRANDING +1 shortbow.
  3080 | D:5      | Entered Level 5 of the Dungeon
  3087 | D:5      | Noticed Prince Ribbit
  3110 | D:5      | Killed Prince Ribbit
  3111 | D:5      | Reached skill level 7 in Ranged Weapons
  3111 | D:5      | Reached XP level 7. HP: 21/35 MP: 8/8
  3190 | D:5      | 3190 ||| FLEEEEING.
  3191 | D:5      | 3191 ||| FLEEEEING.
  3194 | D:5      | 3194 ||| FLEEEEING.
  3195 | D:5      | 3195 ||| FLEEEEING.
  3196 | D:5      | 3196 ||| FLEEEEING.
  3197 | D:5      | 3197 ||| FLEEEEING.
  3198 | D:5      | 3198 ||| FLEEEEING.
  3199 | D:5      | 3199 ||| FLEEEEING.
  3200 | D:5      | 3200 ||| FLEEEEING.
  3201 | D:5      | 3201 ||| FLEEEEING.
  3202 | D:5      | 3202 ||| FLEEEEING.
  3203 | D:5      | 3203 ||| FLEEEEING.
  3204 | D:5      | 3204 ||| FLEEEEING.
  3205 | D:5      | 3205 ||| FLEEEEING.
  3206 | D:5      | 3206 ||| FLEEEEING.
  3207 | D:5      | 3207 ||| FLEEEEING.
  3208 | D:5      | 3208 ||| FLEEEEING.
  3209 | D:5      | 3209 ||| FLEEEEING.
  3212 | D:5      | 3212 ||| FLEEEEING.
  3213 | D:5      | 3213 ||| FLEEEEING.
  3214 | D:5      | 3214 ||| FLEEEEING.
  3215 | D:5      | 3215 ||| STAIRDANCE
  3317 | D:4      | 3317 ||| READING scroll labelled ATSULOIMOICS.
  3320 | D:5      | 3320 ||| STAIRDANCE
  3326 | D:5      | 3326 ||| STAIRDANCE
  3334 | D:5      | 3334 ||| STAIRDANCE
  3334 | D:5      | Noticed Duvessa
  3348 | D:5      | 3348 ||| STAIRDANCE
  3436 | D:5      | 3436 ||| STAIRDANCE
  3511 | D:5      | 3511 ||| STAIRDANCE
  3558 | D:5      | 3558 ||| STAIRDANCE
  3621 | D:5      | 3621 ||| STAIRDANCE
  3692 | D:5      | 3692 ||| STAIRDANCE
  3715 | D:5      | 3715 ||| STAIRDANCE
  3746 | D:5      | 3746 ||| STAIRDANCE
  3793 | D:5      | 3793 ||| STAIRDANCE
  3800 | D:5      | 3800 ||| STAIRDANCE
  3859 | D:5      | 3859 ||| STAIRDANCE
  3890 | D:5      | 3890 ||| STAIRDANCE
  3929 | D:5      | 3929 ||| STAIRDANCE
  3988 | D:5      | 3988 ||| STAIRDANCE
  4003 | D:5      | 4003 ||| STAIRDANCE
  4038 | D:5      | 4038 ||| STAIRDANCE
  4147 | D:5      | HP: 8/35 [gnoll sergeant/+0 trident (5)]
  4148 | D:5      | 4148 ||| DRINKING 2 potions of heal wounds.
  4151 | D:5      | 4151 ||| DRINKING potion of heal wounds.
  4153 | D:5      | Killed Duvessa
  4154 | D:5      | Reached skill level 8 in Ranged Weapons
  4159 | D:5      | HP: 2/35 [gnoll/+0 spear[a gnoll sergeant] (9)]
  4160 | D:5      | Slain by a gnoll sergeant

Levels and vault maps discovered:
D:1:      noname_arrival_rooms_in_the_neighbourhood, layout_basic
D:2:      layout_rooms, shapermc_ecumenical_altar_rom_forum,
          chequers_decorated_corner, serial_bayou_crossing
D:3:      layout_rooms, serial_shops, nicolae_shop_just_a_little_nook,
          kennysheep_small_spiral, minmay_misc_feat_nine_boxes
D:4:      layout_loops_ring, mainiacjoe_overflow_catch_the_wave,
          hangedman_decor_points, kennysheep_diamond
D:5:      layout_cave_pools, nicolae_houndstooth_variations,
          uniq_prince_ribbit1, uniq_duvessa

Skill      XL: |  1  2  3  4  5  6  7 |
---------------+----------------------+-----
Dodging        | 3 4 5 6 7 |  7.1
Ranged Weapons | 5 6 7 8 |  8.0
Fighting       | 2 |  2.6
Stealth        | |  1.5

Action                     |  1- 3 |  4- 6 |  7- 9 || total
---------------------------+-------+-------+-------++-------
   Fire: Shortbow          |   114 |   105 |    44 ||   263
    Use: Scroll            |     6 |     5 |     1 ||    12
         Potion            |       |       |     2 ||     2
 Armour: Robe              |     7 |    10 |    45 ||    62
  Dodge: Dodged            |    55 |    38 |    88 ||   181

Table legend:
 A = Non-vault XP
 B = Vault XP
 C = Vault XP percentage of total XP
 D = Non-vault monster count
 E = Vault monster count
 F = Vault count percentage of total count
                 A         B        C        D         E       F
            +---------+---------+-------+---------+---------+-------
      Total |     853 |     475 |  35.8 |      74 |       4 |   5.1
            +---------+---------+-------+---------+---------+-------
        D:1 |      31 |       0 |   0.0 |      13 |       0 |   0.0
        D:2 |      50 |       0 |   0.0 |      22 |       0 |   0.0
        D:3 |     157 |       0 |   0.0 |      18 |       0 |   0.0
        D:4 |     602 |      42 |   6.5 |      20 |       2 |   9.1
        D:5 |      13 |     433 |  97.1 |       1 |       2 |  66.7
            +---------+---------+-------+---------+---------+-------
